General information
			
			
        
        - name: BNet
 
        - type: Ladder team game (AT/RT)
 
        - host: Battle.net
 
        - saver: BEAR_AND
 
        
map: Battleground 
        - players: 8
 
        - length: 108:03
 
        - speed: Fast
 - version: 1.21 W3XP
 - replay type:  

 
» download(643 KB)
Players
        team 1 (winner) 
              
              
BEAR_AND (
green | 63 APM | 6755 actions | 108:03)
              
 6 Archmage 
 3 Blizzard
 2 Brilliance Aura
 1 Mass Teleport
 6 Mountain King 
 3 Storm Bolt
 2 Bash
 1 Avatar
 5 Paladin 
 2 Holy Light
 3 Divine Shield
 
                » actions 
                
                | Assign group hotkey | 19 |  | 
| Basic commands | 38 |  | 
| Build / train | 120 |  | 
| Enter build submenu | 90 |  | 
| Enter hero's abilities submenu | 19 |  | 
| Give item / drop item | 10 |  | 
| Remove unit from queue | 3 |  | 
| Right click | 3821 |  | 
| Select / deselect | 851 |  | 
| Select group hotkey | 1154 |  | 
| Use ability | 627 |  | 
                6755 total
 » units 
                
                | Peasant | 13 |  | 
| Flying Machine | 11 |  | 
                24 total
 » upgrades
                
                | Masonry | 3 |  | 
| Lumber Harvesting | 2 |  | 
| Gunpowder | 1 |  | 
| Plating | 1 |  | 
| Flak Cannons | 1 |  | 
                8 total
 » buildings
                
                | Altar of Kings | 1 |  | 
| Farm | 12 |  | 
| Lumber Mill | 5 |  | 
| Scout Tower | 117 |  | 
| Guard Tower | 47 |  | 
| Keep | 1 |  | 
| Arcane Vault | 3 |  | 
| Castle | 1 |  | 
| Town Hall | 2 |  | 
| Blacksmith | 2 |  | 
| Workshop | 2 |  | 
                193 total
 » build order
                00:07 Altar of Kings
00:12 Farm
00:23 Lumber Mill
00:48 Farm
01:04 Scout Tower
01:05 Scout Tower
01:22 Scout Tower
01:45 Guard Tower
01:48 Scout Tower
02:07 Guard Tower
02:08 Scout Tower
02:18 Guard Tower
02:21 Scout Tower
02:39 Guard Tower
02:42 Scout Tower
02:57 Guard Tower
03:01 Scout Tower
03:16 Scout Tower
03:43 Guard Tower
03:45 Scout Tower
03:46 Scout Tower
04:01 Scout Tower
04:02 Scout Tower
04:38 Guard Tower
04:41 Scout Tower
04:42 Guard Tower
04:48 Scout Tower
04:49 Scout Tower
04:49 Scout Tower
05:53 Guard Tower
05:54 Guard Tower
06:07 Scout Tower
06:16 Keep
06:20 Guard Tower
06:24 Scout Tower
06:24 Scout Tower
06:53 Guard Tower
06:54 Scout Tower
06:55 Scout Tower
06:57 Scout Tower
06:57 Scout Tower
07:14 Guard Tower
07:38 Guard Tower
07:49 Scout Tower
07:50 Scout Tower
07:51 Scout Tower
07:52 Scout Tower
07:53 Scout Tower
07:54 Scout Tower
07:58 Farm
07:59 Farm
08:00 Farm
08:07 Guard Tower
08:31 Guard Tower
08:43 Guard Tower
09:01 Guard Tower
09:01 Guard Tower
09:07 Scout Tower
09:35 Scout Tower
09:36 Scout Tower
09:37 Scout Tower
09:37 Scout Tower
09:38 Scout Tower
09:38 Scout Tower
09:39 Scout Tower
09:51 Scout Tower
10:06 Guard Tower
10:18 Guard Tower
10:40 Guard Tower
10:42 Guard Tower
10:46 Arcane Vault
10:48 Arcane Vault
10:49 Guard Tower
10:49 Guard Tower
11:14 Castle
11:22 Scout Tower
11:23 Scout Tower
11:24 Scout Tower
11:25 Scout Tower
11:26 Scout Tower
11:27 Scout Tower
11:28 Scout Tower
11:30 Scout Tower
11:31 Scout Tower
11:31 Scout Tower
13:02 Guard Tower
13:15 Town Hall
13:20 Scout Tower
13:21 Scout Tower
13:22 Scout Tower
13:24 Scout Tower
13:25 Scout Tower
13:33 Scout Tower
13:35 Scout Tower
13:35 Scout Tower
13:37 Scout Tower
13:38 Scout Tower
13:39 Scout Tower
13:47 Farm
13:56 Guard Tower
14:08 Lumber Mill
14:22 Guard Tower
14:23 Guard Tower
17:16 Scout Tower
17:16 Scout Tower
17:17 Scout Tower
17:34 Scout Tower
17:35 Scout Tower
18:00 Guard Tower
18:02 Scout Tower
18:02 Scout Tower
18:03 Guard Tower
18:12 Guard Tower
18:17 Town Hall
18:29 Scout Tower
18:30 Scout Tower
18:31 Guard Tower
18:33 Scout Tower
18:34 Scout Tower
18:35 Scout Tower
19:18 Guard Tower
20:04 Scout Tower
20:05 Scout Tower
20:06 Scout Tower
20:06 Scout Tower
20:08 Scout Tower
20:09 Scout Tower
20:14 Scout Tower
20:41 Guard Tower
20:46 Scout Tower
20:47 Scout Tower
20:47 Scout Tower
21:16 Guard Tower
21:19 Scout Tower
21:20 Scout Tower
21:20 Guard Tower
21:31 Scout Tower
21:32 Scout Tower
21:33 Scout Tower
21:33 Scout Tower
21:33 Scout Tower
21:58 Guard Tower
22:19 Guard Tower
23:28 Scout Tower
23:28 Scout Tower
23:29 Scout Tower
23:29 Scout Tower
23:48 Blacksmith
23:52 Farm
23:55 Blacksmith
24:57 Workshop
24:58 Workshop
25:50 Arcane Vault
26:42 Farm
26:43 Farm
26:43 Farm
26:44 Farm
26:53 Farm
27:06 Lumber Mill
29:40 Scout Tower
29:41 Scout Tower
29:42 Scout Tower
29:43 Scout Tower
30:21 Guard Tower
31:25 Scout Tower
31:26 Scout Tower
31:26 Scout Tower
31:28 Scout Tower
31:29 Scout Tower
31:30 Scout Tower
31:30 Scout Tower
31:32 Scout Tower
31:52 Scout Tower
31:52 Scout Tower
31:53 Scout Tower
31:54 Scout Tower
31:54 Scout Tower
31:59 Guard Tower
46:31 Lumber Mill
60:04 Lumber Mill
60:33 Scout Tower
60:36 Scout Tower
60:37 Scout Tower
60:39 Scout Tower
60:40 Scout Tower
60:48 Scout Tower
61:11 Guard Tower
61:26 Guard Tower
62:03 Guard Tower
62:16 Guard Tower
62:33 Scout Tower
63:24 Guard Tower
63:36 Guard Tower
» items
                
                | Staff of Sanctuary | 3 |  | 
| Scroll of Town Portal | 1 |  | 
| Lesser Clarity Potion | 2 |  | 
| Healing Salve | 3 |  | 
| Staff of Teleportation | 3 |  | 
| Mechanical Critter | 2 |  | 
                14 total
  
               
              
              
DIRTMCGIRT (
teal | 49 APM | 2564 actions | 52:36)
              
 6 Tauren Chieftain 
 3 Shockwave
 2 Endurance Aura
 1 Reincarnation
 
                » actions 
                
                | Assign group hotkey | 5 |  | 
| Build / train | 59 |  | 
| ESC pressed | 3 |  | 
| Enter build submenu | 52 |  | 
| Enter hero's abilities submenu | 6 |  | 
| Give item / drop item | 12 |  | 
| Remove unit from queue | 2 |  | 
| Right click | 1832 |  | 
| Select / deselect | 417 |  | 
| Select group hotkey | 31 |  | 
| Use ability | 144 |  | 
                2564 total
 » units 
                
                | Peon | 23 |  | 
| Troll Batrider | 12 |  | 
| Ogre Mauler | 1 |  | 
| Forest Troll Shadow Priest | 1 |  | 
                37 total
 » buildings
                
                | Altar of Storms | 3 |  | 
| Orc Burrow | 6 |  | 
| War Mill | 3 |  | 
| Watch Tower | 21 |  | 
| Stronghold | 3 |  | 
| Great Hall | 5 |  | 
| Voodoo Lounge | 3 |  | 
| Beastiary | 2 |  | 
| Fortress | 1 |  | 
                47 total
 » build order
                00:10 Altar of Storms
00:17 Altar of Storms
00:20 Orc Burrow
00:43 War Mill
01:57 Watch Tower
02:25 Watch Tower
02:29 Watch Tower
02:36 Watch Tower
02:40 Watch Tower
03:31 Watch Tower
03:45 Watch Tower
03:50 Watch Tower
04:24 Stronghold
04:36 Watch Tower
04:52 Watch Tower
04:58 Watch Tower
05:07 Watch Tower
05:17 Stronghold
05:45 Watch Tower
06:14 Watch Tower
06:18 Watch Tower
07:10 Watch Tower
07:33 Great Hall
07:42 Watch Tower
07:59 Watch Tower
08:47 Great Hall
08:57 Watch Tower
09:35 Great Hall
10:02 Watch Tower
13:19 Great Hall
13:51 Voodoo Lounge
14:17 War Mill
15:39 Watch Tower
16:26 Orc Burrow
17:52 Great Hall
22:09 Orc Burrow
23:34 Stronghold
26:35 War Mill
26:40 Beastiary
26:44 Beastiary
26:48 Orc Burrow
28:30 Orc Burrow
30:09 Altar of Storms
33:32 Fortress
34:21 Orc Burrow
37:51 Voodoo Lounge
37:57 Voodoo Lounge
» items
                
                | Healing Salve | 2 |  | 
| Lesser Clarity Potion | 2 |  | 
| Orb of Lightning | 1 |  | 
| Scroll of Town Portal | 1 |  | 
| Staff of Teleportation | 1 |  | 
| Potion of Invisibility | 1 |  | 
| Boots of Speed | 1 |  | 
                9 total
  
               
              
              
» 
dirtmcwordup (
yellow | 53 APM | 5692 actions | 108:02)
              
 6 Archmage 
 3 Blizzard
 2 Brilliance Aura
 1 Mass Teleport
 5 Blood Mage 
 3 Flame Strike
 2 Siphon Mana
 1 Paladin 
 1 Holy Light
 
                » actions 
                
                | Assign group hotkey | 24 |  | 
| Basic commands | 118 |  | 
| Build / train | 136 |  | 
| ESC pressed | 8 |  | 
| Enter build submenu | 96 |  | 
| Enter hero's abilities submenu | 13 |  | 
| Give item / drop item | 6 |  | 
| Right click | 2739 |  | 
| Select / deselect | 618 |  | 
| Select group hotkey | 1362 |  | 
| Use ability | 572 |  | 
                5692 total
 » units 
                
                | Peasant | 31 |  | 
| Dragonhawk Rider | 17 |  | 
                48 total
 » upgrades
                
                | Masonry | 3 |  | 
| Armor | 3 |  | 
| Cloud | 1 |  | 
| Animal War Training | 1 |  | 
| Swords | 3 |  | 
| Magic Sentry | 1 |  | 
                12 total
 » buildings
                
                | Altar of Kings | 2 |  | 
| Lumber Mill | 2 |  | 
| Scout Tower | 128 |  | 
| Farm | 20 |  | 
| Arcane Tower | 3 |  | 
| Guard Tower | 47 |  | 
| Town Hall | 2 |  | 
| Keep | 1 |  | 
| Blacksmith | 1 |  | 
| Gryphon Aviary | 3 |  | 
| Arcane Vault | 1 |  | 
| Barracks | 1 |  | 
| Castle | 1 |  | 
| Arcane Sanctum | 1 |  | 
                213 total
 » build order
                00:09 Altar of Kings
00:13 Lumber Mill
00:26 Scout Tower
00:31 Farm
00:55 Arcane Tower
01:28 Scout Tower
01:55 Scout Tower
01:56 Guard Tower
02:01 Farm
02:23 Guard Tower
02:25 Scout Tower
02:35 Scout Tower
02:55 Guard Tower
02:57 Scout Tower
03:03 Guard Tower
03:06 Scout Tower
03:27 Scout Tower
03:28 Guard Tower
03:37 Scout Tower
03:46 Guard Tower
03:49 Scout Tower
04:04 Guard Tower
04:09 Scout Tower
05:18 Scout Tower
05:19 Guard Tower
05:20 Guard Tower
05:23 Scout Tower
05:24 Scout Tower
05:25 Scout Tower
05:25 Scout Tower
06:01 Guard Tower
06:02 Scout Tower
06:34 Scout Tower
06:35 Guard Tower
06:56 Scout Tower
06:57 Scout Tower
06:58 Scout Tower
07:00 Scout Tower
07:01 Scout Tower
07:02 Guard Tower
07:50 Guard Tower
07:58 Guard Tower
08:19 Guard Tower
08:48 Lumber Mill
08:50 Arcane Tower
10:18 Farm
10:19 Guard Tower
10:48 Town Hall
12:19 Altar of Kings
12:23 Scout Tower
13:17 Town Hall
17:43 Scout Tower
17:44 Scout Tower
17:44 Scout Tower
17:46 Scout Tower
17:47 Scout Tower
17:47 Scout Tower
17:48 Scout Tower
17:50 Scout Tower
17:51 Scout Tower
17:51 Scout Tower
18:11 Guard Tower
18:33 Scout Tower
18:33 Scout Tower
18:35 Scout Tower
18:35 Scout Tower
18:36 Scout Tower
18:50 Guard Tower
19:06 Guard Tower
19:21 Guard Tower
19:26 Scout Tower
19:27 Scout Tower
19:27 Scout Tower
19:28 Scout Tower
19:29 Scout Tower
19:29 Scout Tower
19:30 Scout Tower
19:31 Scout Tower
19:32 Scout Tower
19:33 Scout Tower
20:08 Guard Tower
20:13 Scout Tower
20:14 Scout Tower
20:14 Scout Tower
20:15 Scout Tower
20:16 Scout Tower
20:16 Scout Tower
20:17 Scout Tower
20:18 Scout Tower
20:55 Guard Tower
20:56 Guard Tower
21:03 Guard Tower
21:25 Keep
21:27 Guard Tower
21:36 Guard Tower
21:50 Scout Tower
21:50 Scout Tower
21:53 Scout Tower
21:54 Scout Tower
21:55 Scout Tower
21:56 Scout Tower
21:58 Scout Tower
21:59 Scout Tower
22:02 Guard Tower
22:12 Guard Tower
23:34 Blacksmith
23:40 Guard Tower
24:05 Farm
24:06 Farm
24:06 Farm
24:08 Farm
24:08 Farm
24:09 Farm
24:16 Guard Tower
25:27 Scout Tower
25:28 Scout Tower
25:29 Scout Tower
25:30 Scout Tower
25:31 Scout Tower
25:32 Scout Tower
25:33 Scout Tower
25:35 Scout Tower
25:35 Scout Tower
25:56 Scout Tower
25:57 Scout Tower
25:58 Scout Tower
25:59 Scout Tower
25:59 Scout Tower
26:00 Scout Tower
26:28 Gryphon Aviary
26:29 Gryphon Aviary
26:31 Gryphon Aviary
26:34 Arcane Vault
26:47 Barracks
26:49 Castle
27:20 Guard Tower
27:30 Guard Tower
28:13 Scout Tower
29:27 Guard Tower
29:29 Scout Tower
29:35 Scout Tower
29:39 Scout Tower
29:41 Scout Tower
29:42 Scout Tower
29:43 Scout Tower
30:13 Guard Tower
30:25 Scout Tower
30:26 Scout Tower
30:27 Scout Tower
30:28 Scout Tower
30:34 Scout Tower
30:35 Scout Tower
30:37 Scout Tower
30:37 Scout Tower
30:38 Scout Tower
30:38 Scout Tower
30:52 Scout Tower
31:31 Scout Tower
31:32 Scout Tower
31:33 Scout Tower
31:33 Scout Tower
31:34 Scout Tower
31:35 Scout Tower
32:15 Guard Tower
32:18 Guard Tower
33:02 Guard Tower
35:01 Arcane Sanctum
35:28 Farm
35:29 Farm
35:30 Farm
35:30 Farm
35:36 Farm
35:37 Farm
35:38 Farm
36:57 Farm
39:34 Scout Tower
39:36 Scout Tower
40:00 Farm
40:15 Guard Tower
40:18 Scout Tower
40:19 Scout Tower
41:01 Guard Tower
41:05 Scout Tower
41:05 Scout Tower
41:50 Guard Tower
42:50 Scout Tower
42:51 Scout Tower
42:51 Scout Tower
42:53 Scout Tower
43:58 Guard Tower
44:32 Scout Tower
44:33 Scout Tower
45:16 Guard Tower
45:18 Scout Tower
45:19 Scout Tower
45:49 Guard Tower
46:49 Scout Tower
46:49 Scout Tower
46:55 Scout Tower
47:01 Scout Tower
47:02 Scout Tower
47:09 Scout Tower
47:10 Scout Tower
47:12 Scout Tower
47:22 Guard Tower
47:24 Guard Tower
48:26 Guard Tower
49:07 Guard Tower
58:34 Farm
67:05 Scout Tower
67:09 Scout Tower
67:41 Arcane Tower
74:40 Farm
» items
                
                | Staff of Teleportation | 2 |  | 
| Boots of Speed | 2 |  | 
| Scroll of Regeneration | 1 |  | 
| Staff of Sanctuary | 2 |  | 
| Scroll of Town Portal | 1 |  | 
| Orb of Lightning | 2 |  | 
                10 total
  
               
              
              
mata. (
pink | 96 APM | 10422 actions | 108:02)
              
 9 Warden 
 3 Shadow Strike
 3 Fan of Knives
 2 Blink
 1 Spirit of Vengeance
 1 Tauren Chieftain 
 1 Endurance Aura
 
                » actions 
                
                | Assign group hotkey | 1401 |  | 
| Basic commands | 16 |  | 
| Build / train | 130 |  | 
| ESC pressed | 11 |  | 
| Enter build submenu | 33 |  | 
| Enter hero's abilities submenu | 10 |  | 
| Give item / drop item | 2 |  | 
| Remove unit from queue | 6 |  | 
| Right click | 6741 |  | 
| Select / deselect | 1016 |  | 
| Select group hotkey | 134 |  | 
| Use ability | 922 |  | 
                10422 total
 » units 
                
                | Wisp | 41 |  | 
| Hippogryph | 15 |  | 
| Druid of the Talon | 6 |  | 
                62 total
 » upgrades
                
                | Nature's Blessing | 1 |  | 
| Druid of the Talon Training | 1 |  | 
| Strength of the Wild | 2 |  | 
| Reinforced Hides | 2 |  | 
| Ultravision | 1 |  | 
                7 total
 » buildings
                
                | Altar of Elders | 4 |  | 
| Moon Well | 9 |  | 
| Ancient of War | 1 |  | 
| Tree of Ages | 6 |  | 
| Tree of Life | 3 |  | 
| Ancient of Wind | 7 |  | 
| Hunter's Hall | 1 |  | 
| Tree of Eternity | 2 |  | 
                33 total
 » build order
                00:06 Altar of Elders
00:17 Moon Well
01:01 Ancient of War
01:43 Moon Well
08:31 Moon Well
08:32 Moon Well
08:32 Moon Well
09:11 Tree of Ages
09:11 Tree of Ages
11:02 Moon Well
11:03 Moon Well
11:04 Moon Well
13:30 Tree of Life
13:44 Ancient of Wind
13:44 Ancient of Wind
17:46 Tree of Life
21:09 Tree of Life
21:55 Ancient of Wind
21:55 Ancient of Wind
24:18 Tree of Ages
24:18 Tree of Ages
25:29 Altar of Elders
26:46 Ancient of Wind
35:53 Ancient of Wind
35:54 Hunter's Hall
38:47 Tree of Eternity
38:47 Tree of Eternity
42:05 Ancient of Wind
88:42 Moon Well
89:41 Altar of Elders
89:45 Altar of Elders
» items
                
                | Potion of Healing | 3 |  | 
| Potion of Mana | 2 |  | 
| Lesser Clarity Potion | 1 |  | 
| Scroll of Town Portal | 1 |  | 
| Staff of Teleportation | 1 |  | 
| Boots of Speed | 1 |  | 
| Orb of Fire | 1 |  | 
| Tome of Retraining | 1 |  | 
| Potion of Invisibility | 1 |  | 
| Orb of Lightning | 1 |  | 
| Tiny Great Hall | 1 |  | 
                14 total
  
               team 2 (loser) 
              
              
DanteKamar (
red | 29 APM | 3127 actions | 106:33)
              
 6 Crypt Lord 
 2 Carrion Beetles
 1 Spiked Carapace
 2 Impale
 1 Locust Swarm
 7 Lich 
 3 Frost Nova
 2 Frost Armor
 1 Death and Decay
 1 Dark Ritual
 
                » actions 
                
                | Assign group hotkey | 60 |  | 
| Basic commands | 168 |  | 
| Build / train | 93 |  | 
| ESC pressed | 7 |  | 
| Enter build submenu | 28 |  | 
| Enter hero's abilities submenu | 13 |  | 
| Right click | 1103 |  | 
| Select / deselect | 686 |  | 
| Select group hotkey | 772 |  | 
| Use ability | 196 |  | 
                3127 total
 » units 
                
                | Acolyte | 9 |  | 
| Ghoul | 15 |  | 
| Meatwagon | 7 |  | 
| Crypt Fiend | 10 |  | 
| Obsidian Statue | 3 |  | 
| Frost Wyrm | 9 |  | 
                53 total
 » upgrades
                
                | Cannibalize | 1 |  | 
| Web | 1 |  | 
| Creature Attack | 3 |  | 
| Disease Cloud | 1 |  | 
| Freezing Breath | 1 |  | 
| Unholy Strength | 3 |  | 
| Burrow | 1 |  | 
                11 total
 » buildings
                
                | Crypt | 3 |  | 
| Altar of Darkness | 1 |  | 
| Ziggurat | 12 |  | 
| Tomb of Relics | 1 |  | 
| Halls of the Dead | 1 |  | 
| Graveyard | 1 |  | 
| Slaughterhouse | 2 |  | 
| Black Citadel | 1 |  | 
| Sacrificial Pit | 1 |  | 
| Spirit Tower | 1 |  | 
| Necropolis | 1 |  | 
| Boneyard | 1 |  | 
| Nerubian Tower | 6 |  | 
                32 total
 » build order
                00:15 Crypt
00:22 Crypt
00:27 Altar of Darkness
00:37 Ziggurat
01:14 Ziggurat
01:19 Tomb of Relics
02:08 Ziggurat
03:43 Crypt
05:09 Halls of the Dead
06:30 Graveyard
08:14 Slaughterhouse
08:47 Slaughterhouse
08:53 Ziggurat
11:50 Ziggurat
17:16 Black Citadel
18:24 Sacrificial Pit
18:43 Ziggurat
18:44 Spirit Tower
22:41 Necropolis
25:01 Boneyard
26:47 Ziggurat
26:50 Ziggurat
27:44 Nerubian Tower
27:45 Nerubian Tower
28:49 Ziggurat
37:11 Ziggurat
41:42 Nerubian Tower
41:45 Ziggurat
44:50 Nerubian Tower
44:56 Ziggurat
44:57 Nerubian Tower
52:04 Nerubian Tower
» items
                
                | Rod of Necromancy | 1 |  | 
| Potion of Healing | 1 |  | 
| Potion of Mana | 1 |  | 
| Scroll of Town Portal | 2 |  | 
                5 total
  
               
              
              
God_of_Death_66 (
blue | 28 APM | 921 actions | 32:43)
              
 5 Shadow Hunter 
 1 Serpent Ward
 2 Healing Wave
 2 Hex
 
                » actions 
                
                | Basic commands | 4 |  | 
| Build / train | 48 |  | 
| Enter build submenu | 18 |  | 
| Enter hero's abilities submenu | 5 |  | 
| Remove unit from queue | 2 |  | 
| Right click | 523 |  | 
| Select / deselect | 244 |  | 
| Use ability | 77 |  | 
                921 total
 » units 
                
                | Peon | 9 |  | 
| Grunt | 4 |  | 
| Troll Witch Doctor | 3 |  | 
| Spirit Walker | 3 |  | 
| Tauren | 4 |  | 
| Demolisher | 7 |  | 
                30 total
 » upgrades
                
                | Witch Doctor Training | 2 |  | 
| Spirit Walker Training | 2 |  | 
| Pulverize | 1 |  | 
| Burning Oil | 1 |  | 
| Ranged Weapons | 2 |  | 
                8 total
 » buildings
                
                | Altar of Storms | 1 |  | 
| Orc Burrow | 7 |  | 
| Barracks | 2 |  | 
| Stronghold | 1 |  | 
| War Mill | 1 |  | 
| Fortress | 1 |  | 
| Spirit Lodge | 2 |  | 
| Tauren Totem | 2 |  | 
| Voodoo Lounge | 1 |  | 
                18 total
 » build order
                00:15 Altar of Storms
00:18 Orc Burrow
01:27 Barracks
02:20 Orc Burrow
03:06 Orc Burrow
04:16 Stronghold
06:19 Orc Burrow
06:23 War Mill
06:49 Fortress
06:54 Spirit Lodge
07:01 Spirit Lodge
10:05 Tauren Totem
10:09 Tauren Totem
11:01 Orc Burrow
16:29 Orc Burrow
16:33 Orc Burrow
20:35 Barracks
26:58 Voodoo Lounge
 
               
              
              
hulaga (
orange | 36 APM | 3901 actions | 107:46)
              
 5 Keeper of the Grove 
 2 Force of Nature
 2 Entangling Roots
 1 Tranquility
 1 Shadow Hunter 
 1 Healing Wave
 1 Priestess of the Moon 
 1 Scout
 
                » actions 
                
                | Assign group hotkey | 4 |  | 
| Basic commands | 16 |  | 
| Build / train | 160 |  | 
| Enter build submenu | 22 |  | 
| Enter hero's abilities submenu | 8 |  | 
| Remove unit from queue | 8 |  | 
| Right click | 2337 |  | 
| Select / deselect | 1089 |  | 
| Select group hotkey | 10 |  | 
| Use ability | 247 |  | 
                3901 total
 » units 
                
                | Wisp | 34 |  | 
| Huntress | 8 |  | 
| Druid of the Claw | 8 |  | 
| Hippogryph | 38 |  | 
| Glaive Thrower | 11 |  | 
| Faerie Dragon | 4 |  | 
| Dryad | 3 |  | 
                106 total
 » upgrades
                
                | Moon Armor | 3 |  | 
| Druid of the Claw Training | 2 |  | 
| Reinforced Hides | 3 |  | 
| Strength of the Wild | 3 |  | 
| Mark of the Claw | 1 |  | 
| Marksmanship | 1 |  | 
| Improved Bows | 1 |  | 
| Well Spring | 1 |  | 
| Nature's Blessing | 1 |  | 
| Vorpal Blades | 1 |  | 
| Strength of the Moon | 3 |  | 
| Ultravision | 1 |  | 
| Sentinel | 1 |  | 
| Abolish Magic | 1 |  | 
| Hippogryph Taming | 1 |  | 
| Druid of the Talon Training | 2 |  | 
| Upgrade Moon Glaive | 1 |  | 
| Corrosive Breath | 1 |  | 
| Mark of the Talon | 1 |  | 
| Hardened Skin | 1 |  | 
| Resistant Skin | 1 |  | 
| Backpack | 1 |  | 
                32 total
 » buildings
                
                | Altar of Elders | 1 |  | 
| Moon Well | 5 |  | 
| Hunter's Hall | 1 |  | 
| Ancient of War | 2 |  | 
| Tree of Ages | 1 |  | 
| Ancient of Lore | 2 |  | 
| Tree of Eternity | 1 |  | 
| Tree of Life | 3 |  | 
| Ancient of Wind | 2 |  | 
| Chimaera Roost | 1 |  | 
| Ancient of Wonders | 1 |  | 
| Ancient Protector | 3 |  | 
                23 total
 » build order
                00:12 Altar of Elders
00:16 Moon Well
01:42 Hunter's Hall
01:48 Ancient of War
01:59 Moon Well
03:02 Ancient of War
03:35 Moon Well
06:19 Tree of Ages
07:31 Moon Well
09:09 Ancient of Lore
09:19 Ancient of Lore
09:53 Tree of Eternity
10:56 Moon Well
17:04 Tree of Life
18:34 Ancient of Wind
25:56 Tree of Life
31:19 Ancient of Wind
44:02 Chimaera Roost
44:20 Tree of Life
44:52 Ancient of Wonders
83:56 Ancient Protector
84:00 Ancient Protector
84:06 Ancient Protector
» items
                
                | Orb of Venom | 1 |  | 
| Moonstone | 1 |  | 
| Scroll of Town Portal | 1 |  | 
                3 total
  
               
              
              
Turtle91 (
purple | 29 APM | 3104 actions | 108:01)
              
 4 Dark Ranger 
 2 Black Arrow
 1 Life Drain
 1 Silence
 2 Keeper of the Grove 
 1 Entangling Roots
 1 Thorns Aura
 1 Shadow Hunter 
 1 Big Bad Voodoo
 
                » actions 
                
                | Assign group hotkey | 4 |  | 
| Basic commands | 83 |  | 
| Build / train | 61 |  | 
| ESC pressed | 1 |  | 
| Enter build submenu | 34 |  | 
| Enter hero's abilities submenu | 7 |  | 
| Right click | 1434 |  | 
| Select / deselect | 1247 |  | 
| Select group hotkey | 68 |  | 
| Use ability | 163 |  | 
                3104 total
 » units 
                
                | Wisp | 10 |  | 
| Archer | 9 |  | 
| Chimaera | 16 |  | 
| Hippogryph | 3 |  | 
| Troll Headhunter/Berserker | 6 |  | 
| Demolisher | 1 |  | 
                45 total
 » upgrades
                
                | Strength of the Moon | 1 |  | 
| Strength of the Wild | 2 |  | 
| Corrosive Breath | 1 |  | 
| Berserker Upgrade | 1 |  | 
                5 total
 » buildings
                
                | Altar of Elders | 1 |  | 
| Moon Well | 8 |  | 
| Ancient of War | 3 |  | 
| Tree of Ages | 1 |  | 
| Hunter's Hall | 1 |  | 
| Tree of Eternity | 2 |  | 
| Ancient of Wind | 1 |  | 
| Chimaera Roost | 5 |  | 
| Ancient Protector | 4 |  | 
| Watch Tower | 7 |  | 
                33 total
 » build order
                00:15 Altar of Elders
00:20 Moon Well
00:37 Ancient of War
00:41 Ancient of War
01:47 Moon Well
05:56 Tree of Ages
06:00 Ancient of War
06:04 Hunter's Hall
08:38 Tree of Eternity
08:39 Tree of Eternity
08:42 Ancient of Wind
09:26 Moon Well
09:28 Moon Well
09:31 Moon Well
11:09 Chimaera Roost
11:15 Chimaera Roost
11:17 Chimaera Roost
11:20 Chimaera Roost
12:50 Chimaera Roost
15:22 Moon Well
15:25 Moon Well
16:45 Moon Well
32:47 Ancient Protector
32:57 Ancient Protector
33:03 Ancient Protector
33:10 Ancient Protector
34:42 Watch Tower
34:45 Watch Tower
35:52 Watch Tower
35:55 Watch Tower
36:59 Watch Tower
37:08 Watch Tower
42:29 Watch Tower
 
                Chat log
          (00:04 / Allies) dirtmcwordup: towering mid.
(00:04 / Allies) mata.: a hem in my garment....
(00:04 / All) DIRTMCGIRT: is he gonna drop?
(00:06 / All) Turtle91: u2...
(00:12 / Allies) BEAR_AND: where
(00:16 / Allies) mata.: i'll fead
(00:27 / Allies) mata.: barand
(00:52 / Allies) dirtmcwordup: getting archm
(01:03 / Allies) dirtmcwordup: if you can feed me please.
(01:11 / Allies) dirtmcwordup: i have the biggest side i think
(01:16 / Allies) mata.: bear has 2
(01:19 / Allies) mata.: and
(01:21 / Allies) dirtmcwordup: who has mid
(01:23 / Allies) mata.: he doesn't know how to tower on this map
(01:36 / Allies) BEAR_AND: i always quit this map
(01:37 / Allies) dirtmcwordup: dmg got this right
(01:38 / Allies) DIRTMCGIRT: sednind
(01:39 / Allies) mata.: bear has i think
(01:49 / Allies) mata.: this is the only map worth playing
(01:52 / Allies) mata.: because we have never won it
(02:07 / Allies) mata.: no
(02:07 / Allies) mata.: teal
(02:08 / Allies) dirtmcwordup: fuck
(02:09 / Allies) dirtmcwordup: forgot hero
(02:15 / Allies) mata.: dont
(02:17 / Allies) mata.: build them by the creeps
(02:20 / Allies) DIRTMCGIRT: where?
(02:20 / Allies) mata.: they will kill your towers :-(
(02:25 / Allies) mata.: there is fine
(02:35 / Allies) mata.: a bit far down
(02:40 / Allies) mata.: hehe
(02:46 / Allies) dirtmcwordup: blue
(02:48 / Allies) dirtmcwordup: walka past.
(02:53 / Allies) BEAR_AND: huge noob
(03:20 / Allies) dirtmcwordup: inc
(03:36 / Allies) mata.: whats wrong with u guys
(03:43 / Allies) mata.: creeps attack player owned units come on
(04:06 / Allies) dirtmcwordup: gg i guess
(04:11 / Allies) dirtmcwordup: too late
(04:13 / Allies) mata.: nicea tower
(04:16 / Allies) dirtmcwordup: i told you
(04:16 / Allies) mata.: use milit
(04:19 / Allies) dirtmcwordup: my side is half the map
(04:22 / Allies) BEAR_AND: timg fucks up the towers.....who can he blame now,
(04:25 / Allies) mata.: yeah not sure why you towered like that
(04:28 / Allies) mata.: very impractical
(04:39 / Allies) mata.: keep building
(05:12 / Allies) mata.: re milit
(05:22 / Allies) mata.: and build towers
(05:51 / Allies) dirtmcwordup: nope good game
(05:52 / Allies) mata.: godd
(05:53 / Allies) mata.: just extend
(05:54 / Allies) mata.: your towers
(05:57 / Allies) dirtmcwordup: feed bear and he nees to make 3 towers ok
(05:58 / Allies) mata.: wth
(06:11 / Allies) mata.: i wanna feed you\
(06:13 / Allies) mata.: but yuou're not spending
(06:15 / Allies) dirtmcwordup: i need to feed
(06:17 / Allies) mata.: so i cant do anything
(06:22 / Allies) dirtmcwordup: maybe because by the time you fed they wrere in my base
(06:28 / Allies) DIRTMCGIRT: rebuild pls
(06:29 / Allies) dirtmcwordup: bear and
(06:30 / Allies) dirtmcwordup: please
(06:31 / Allies) dirtmcwordup: tower
(06:32 / Allies) mata.: and you abruptly stop building towers
(06:34 / Allies) mata.: so they can keep coming
(06:42 / Allies) dirtmcwordup: somebody
(06:43 / Allies) dirtmcwordup: please
(06:45 / Allies) dirtmcwordup: fkreakin tower
(06:48 / Allies) mata.: god 
(06:53 / Allies) dirtmcwordup: with what worker.
(06:57 / Allies) DIRTMCGIRT: oh god
(07:06 / Allies) mata.: listen you can keep blaming stupid shit
(07:13 / Allies) mata.: or you can build some towers
(07:14 / Allies) dirtmcwordup: i told you i needed to be fed
(07:19 / Allies) dirtmcwordup: but you were under the assumption that this
(07:23 / Allies) dirtmcwordup: is bigger than this
(07:32 / Allies) dirtmcwordup: why are you feeding
(07:34 / Allies) dirtmcwordup: i have no workers
(07:34 / Allies) mata.: yes you need to be fed
(07:40 / Allies) mata.: with 1200/800
(07:41 / Allies) mata.: nice
(07:46 / Allies) dirtmcwordup: you just gave me 800/800
(07:47 / Allies) dirtmcwordup: lmao
(07:54 / Allies) mata.: wow
(07:55 / Allies) mata.: both resources
(07:57 / Allies) mata.: 4 digits
(07:59 / Allies) dirtmcwordup: lmao
(08:05 / Allies) dirtmcwordup: somebody please tower
(08:07 / Allies) dirtmcwordup: aybody.
(08:10 / Allies) BEAR_AND: sending
(08:14 / Allies) BEAR_AND: lol
(08:32 / Allies) dirtmcwordup: dirtmcgirt make some towers.
(08:37 / Allies) mata.: in base
(08:37 / Allies) dirtmcwordup: this is fine
(08:38 / Allies) BEAR_AND: tgety creep
(08:38 / Allies) dirtmcwordup: god
(08:42 / Allies) mata.: so
(08:52 / Allies) mata.: do they even have aa i dont think so
(09:07 / Allies) mata.: dmg why no towers in base
(09:12 / Allies) dirtmcwordup: lets stop this please
(09:14 / Allies) dirtmcwordup: i need tier 3 orc
(09:30 / Allies) dirtmcwordup: bear and
(09:34 / Allies) dirtmcwordup: you gonna use wrkers?
(09:37 / Allies) dirtmcwordup: ther eis idle worker icon
(09:37 / Allies) mata.: everyone is off creeping
(09:39 / Allies) dirtmcwordup: easy to see
(09:41 / Allies) dirtmcwordup: right under chat
(09:46 / Allies) dirtmcwordup: my side is fine
(09:48 / Allies) dirtmcwordup: please tower here
(09:52 / Allies) dirtmcwordup: or up here
(09:53 / Allies) dirtmcwordup: or in base
(09:54 / Allies) mata.: expand timg
(10:01 / Allies) dirtmcwordup: i only have one worker
(10:05 / Allies) dirtmcwordup: kill them then i will
(10:07 / Allies) mata.: expand
(10:13 / Allies) mata.: and make more worker
(10:14 / Allies) dirtmcwordup: im not losing my one worker thanks
(10:27 / Allies) mata.: send hero
(10:30 / Allies) dirtmcwordup: red keep scouting
(10:33 / Allies) dirtmcwordup: oh lose my worker and herop
(10:35 / Allies) dirtmcwordup: good idea
(10:39 / Allies) mata.: tower this please
(10:43 / Allies) mata.: great
(10:44 / Allies) mata.: now it's over
(10:54 / Allies) dirtmcwordup: god
(10:55 / Allies) mata.: why dindt anyone tower this
(10:57 / Allies) dirtmcwordup: will smoebody tower.
(11:08 / Allies) DIRTMCGIRT: lets stop wasting time
(11:11 / Allies) DIRTMCGIRT: and research
(11:12 / Allies) mata.: i've said it before and i'll say it again
(11:12 / Allies) dirtmcwordup: no
(11:18 / Allies) dirtmcwordup: we are playing this game
(11:18 / Allies) mata.: there needs to be a term for that
(11:23 / Allies) dirtmcwordup: please make tower
(11:29 / Allies) dirtmcwordup: fyi
(11:32 / Allies) dirtmcwordup: orange was in my base
(11:34 / Allies) dirtmcwordup: with hunts
(11:35 / Allies) dirtmcwordup: whole time
(11:39 / Allies) dirtmcwordup: so i lose my last worker
(11:43 / Allies) dirtmcwordup: because you are impatient
(11:46 / Allies) mata.: o
(11:48 / Allies) mata.: it's there
(11:50 / Allies) dirtmcwordup: i would have
(11:52 / Allies) dirtmcwordup: if i listened to you
(12:00 / Allies) mata.: sure
(12:08 / Allies) dirtmcwordup: upgrade please
(12:13 / Allies) mata.: repair and shit
(12:43 / Allies) mata.: time to start expandin
(13:01 / Allies) mata.: argh
(13:03 / Allies) BEAR_AND: hahahahah
(13:04 / Allies) BEAR_AND: sorry
(13:05 / Allies) BEAR_AND: hahahahah
(13:13 / Allies) mata.: we were pining that like a minute ago
(13:19 / Allies) dirtmcwordup: fuck off
(13:29 / Allies) dirtmcwordup: mata take this one
(13:36 / Allies) mata.: tows
(13:38 / Allies) dirtmcwordup: with my luck right before it gets done air comes
(13:51 / Allies) dirtmcwordup: lmao
(13:52 / Allies) mata.: let me know if you need 
(13:53 / Allies) mata.: resources
(13:54 / Allies) BEAR_AND: gold
(13:57 / Allies) BEAR_AND: wood
(14:11 / Allies) BEAR_AND: ty
(14:17 / Allies) mata.: someone eneeds to exten
(14:21 / Allies) dirtmcwordup: i cant
(14:23 / Allies) mata.: i'll check this
(14:35 / Allies) mata.: you guys need to learn how to tower
(14:52 / Allies) dirtmcwordup: one worker at a time dont work imo
(15:00 / Allies) mata.: if it's contested you need to tower outward
(15:01 / Allies) dirtmcwordup: gold
(15:28 / Allies) mata.: get tauren revivoers ye
(15:35 / Allies) BEAR_AND: free exp
(15:38 / Allies) dirtmcwordup: more tower
(15:43 / Allies) dirtmcwordup: push tower to mine
(15:48 / Allies) mata.: and this one
(15:50 / Allies) dirtmcwordup: god damn human main
(15:51 / Allies) dirtmcwordup: take forever
(15:53 / Allies) dirtmcwordup: with 1 worker
(16:28 / Allies) mata.: nobody is here
(16:29 / Allies) mata.: pelase
(16:29 / Allies) mata.: please
(16:30 / Allies) mata.: please
(16:31 / Allies) mata.: tower it
(16:31 / Allies) mata.: bear?
(16:32 / Allies) BEAR_AND: g
(16:32 / Allies) BEAR_AND: ok
(16:40 / Allies) dirtmcwordup: welp
(16:42 / Allies) dirtmcwordup: hope you got aa mata
(16:47 / Allies) mata.: hippos sent
(16:48 / Allies) mata.: but no tpo
(16:57 / Allies) DIRTMCGIRT: not again
(17:01 / Allies) dirtmcwordup: start the towers at my line
(17:03 / Allies) dirtmcwordup: then work up
(17:03 / Allies) dirtmcwordup: gosh
(17:13 / Allies) dirtmcwordup: i got this
(17:15 / Allies) dirtmcwordup: go harass or something
(18:03 / Allies) dirtmcwordup: resources
(18:04 / Allies) dirtmcwordup: ima tower
(18:23 / Allies) mata.: why is nobody building towers :*(
(18:24 / Allies) dirtmcwordup: ill send
(18:25 / Allies) dirtmcwordup: feed me
(18:33 / Allies) DIRTMCGIRT: they just destroyed all my stuff
(18:39 / Allies) dirtmcwordup: feed me
(18:39 / Allies) mata.: bear and
(18:42 / Allies) mata.: sitting on 2k/2k
(18:45 / Allies) mata.: just backstabbing his little heart out
(19:08 / Allies) mata.: seriously this though
(19:12 / Allies) dirtmcwordup: feed
(19:12 / Allies) dirtmcwordup: me
(19:13 / Allies) dirtmcwordup: feed
(19:14 / Allies) dirtmcwordup: me
(19:14 / Allies) dirtmcwordup: feed
(19:15 / Allies) dirtmcwordup: me
(19:16 / Allies) dirtmcwordup: feed
(19:17 / Allies) dirtmcwordup: me
(19:18 / Allies) dirtmcwordup: feed
(19:18 / Allies) dirtmcwordup: me
(19:56 / Allies) mata.: he'll be through any second
(19:59 / Allies) mata.: and my base will be gone
(20:02 / Allies) dirtmcwordup: reinforce the line
(20:03 / Allies) dirtmcwordup: please
(20:32 / Allies) dirtmcwordup: going top
(20:33 / Allies) dirtmcwordup: you got this
(20:47 / Allies) dirtmcwordup: wokr it
(21:03 / Allies) mata.: i'll eat thru?
(21:10 / Allies) dirtmcwordup: lemme get some tower up first
(21:15 / Allies) dirtmcwordup: we dont want to opencrack this shit
(21:20 / Allies) dirtmcwordup: a repair wiosp
(21:21 / Allies) dirtmcwordup: maybe
(21:24 / Allies) mata.: send am down
(21:30 / Allies) mata.: they need aoe down there not up here
(21:34 / Allies) dirtmcwordup: ok
(21:37 / Allies) mata.: watch out for kotg
(21:38 / Allies) dirtmcwordup: gold please
(22:14 / Allies) dirtmcwordup: lum
(22:18 / Allies) DIRTMCGIRT: ty
(22:45 / Allies) dirtmcwordup: is that skull or espo
(22:46 / Allies) dirtmcwordup: expo
(22:51 / Allies) mata.: yah
(22:54 / Allies) dirtmcwordup: i guess we can let them have 2 expos.
(23:09 / Allies) mata.: need help at my base now
(23:14 / Allies) dirtmcwordup: got nothing
(23:31 / Allies) mata.: gone
(23:42 / Allies) mata.: you guys will have to get aa now
(23:44 / Allies) BEAR_AND: ok
(23:45 / Allies) dirtmcwordup: get units please bear and
(23:48 / Allies) BEAR_AND: gyro
(24:24 / Allies) dirtmcwordup: tower
(25:21 / Allies) mata.: great lag spike
(25:40 / Allies) mata.: right
(26:03 / Allies) dirtmcwordup: eep
(26:11 / Allies) mata.: we'll have to take anyway 
(26:17 / Allies) dirtmcwordup: tol
(26:20 / Allies) dirtmcwordup: ugh
(26:21 / Allies) dirtmcwordup: you guys
(26:22 / Allies) mata.: see
(26:24 / Allies) mata.: we have to tower it
(26:36 / Allies) dirtmcwordup: i got dhawk
(26:53 / Allies) mata.: if you have like 5
(26:55 / Allies) mata.: you can take that chim army
(26:56 / Allies) dirtmcwordup: dont
(26:59 / Allies) dirtmcwordup: aviaries going up though
(27:08 / Allies) mata.: ned a tteam
(27:10 / Allies) dirtmcwordup: be prepared
(27:12 / Allies) dirtmcwordup: to make beasts
(27:13 / Allies) dirtmcwordup: in mid
(27:13 / Allies) dirtmcwordup: dirt
(27:15 / Allies) BEAR_AND: t team where
(27:18 / Allies) BEAR_AND: i got one
(27:42 / Allies) BEAR_AND: snbed what you got
(27:45 / Allies) BEAR_AND: i got 12 gyro
(27:48 / Allies) dirtmcwordup: got 0
(27:53 / Allies) dirtmcwordup: dhawk building thou
(27:54 / Allies) mata.: cran,ing some hippo
(27:57 / Allies) mata.: and warden will be out soon
(28:05 / Allies) dirtmcwordup: anybody got ogld?
(28:18 / Allies) mata.: neeeeed a tower team
(28:19 / Allies) dirtmcwordup: working on it
(28:20 / Allies) BEAR_AND: sending
(28:21 / Allies) BEAR_AND: 5
(28:26 / Allies) dirtmcwordup: dhawk sent
(28:35 / Allies) mata.: lets go
(28:35 / Allies) dirtmcwordup: go
(28:36 / Allies) BEAR_AND: gyro going
(28:37 / Allies) dirtmcwordup: make beast in mid
(28:38 / Allies) dirtmcwordup: quick
(29:23 / Allies) mata.: tay goin top
(29:26 / Allies) mata.: this is g
(29:27 / Allies) mata.: getting
(29:29 / Allies) mata.: critical
(29:30 / Allies) DIRTMCGIRT: fuck
(29:35 / Allies) dirtmcwordup: making tower now
(29:45 / Allies) dirtmcwordup: we need to go up
(29:48 / Allies) dirtmcwordup: its gonna be over soon
(29:50 / Allies) mata.: none of you got
(29:51 / Allies) DIRTMCGIRT: need gold
(29:53 / Allies) mata.: bloodmage
(29:54 / Allies) dirtmcwordup: this fuckin gugy
(29:55 / Allies) mata.: did you?
(29:57 / Allies) mata.: and
(30:00 / Allies) dirtmcwordup: making blood
(30:01 / Allies) dirtmcwordup: now
(30:02 / Allies) mata.: tiny town hall
(30:02 / Allies) mata.: right?
(30:09 / Allies) dirtmcwordup: we need t3 orc ya
(30:18 / Allies) dirtmcwordup: eat some trees
(30:20 / Allies) dirtmcwordup: but dont open
(30:23 / Allies) dirtmcwordup: so i can make towers
(30:53 / Allies) mata.: hey nice
(31:22 / Allies) mata.: ftower it
(31:36 / Allies) mata.: wyrmsign btw
(31:51 / Allies) dirtmcwordup: lum
(31:59 / Allies) mata.: dirt
(32:00 / Allies) mata.: tech tier 3
(32:01 / Allies) mata.: please
(32:02 / Allies) dirtmcwordup: this freakin game
(32:44 / Allies) dirtmcwordup: dont make em quit
(32:47 / Allies) mata.: jesus
(32:48 / Allies) mata.: this map
(32:55 / Allies) dirtmcwordup: you gotta let them have 3 xpo
(32:57 / Allies) dirtmcwordup: or they quit
(33:00 / Allies) mata.: okay
(33:03 / Allies) mata.: let em have it then
(33:04 / Allies) dirtmcwordup: withdraw
(33:07 / Allies) mata.: all other mines are out
(33:13 / Allies) mata.: lets prep the perch
(33:14 / Allies) mata.: d
(33:15 / Allies) mata.: i
(33:15 / Allies) mata.: r
(33:15 / Allies) mata.: t
(33:17 / Allies) mata.: tech
(33:18 / Allies) mata.: tier
(33:18 / Allies) mata.: 3
(33:20 / Allies) mata.: dirt
(33:20 / Allies) mata.: dirt
(33:21 / Allies) mata.: dirt
(33:21 / Allies) mata.: dirt
(33:21 / Allies) mata.: dirt
(33:22 / Allies) mata.: dirt
(33:23 / Allies) mata.: dirt
(33:23 / Allies) mata.: dirt
(33:24 / Allies) mata.: ditr
(33:24 / Allies) mata.: dirt
(33:24 / Allies) BEAR_AND: gold?
(33:24 / Allies) mata.: dirt
(33:25 / Allies) mata.: dirt
(33:25 / Allies) mata.: dirt
(33:26 / Allies) mata.: dirt
(33:26 / Allies) DIRTMCGIRT: wat
(33:27 / Allies) mata.: dirt
(33:28 / Allies) mata.: tech
(33:29 / Allies) mata.: tier 3
(33:47 / Allies) BEAR_AND: walk a tree ther
(33:50 / Allies) BEAR_AND: t
(33:51 / Allies) BEAR_AND: there
(33:55 / Allies) mata.: in a min
(33:59 / Allies) mata.: when this goes
(34:16 / Allies) BEAR_AND: gold?
(34:28 / Allies) BEAR_AND: ty
(34:30 / Allies) dirtmcwordup: expo eplase
(34:35 / Allies) mata.: like 200g
(34:39 / Allies) BEAR_AND: hahah
(34:40 / Allies) mata.: trail it
(34:50 / Allies) BEAR_AND: dirt gotta do that i have no main
(35:00 / Allies) mata.: we have a flamestriker???
(35:08 / Allies) mata.: good
(35:09 / Allies) mata.: get him a staff
(35:16 / Allies) dirtmcwordup: hes g2g
(36:00 / Allies) mata.: creep 
(36:02 / Allies) mata.: the alamos etc
(36:03 / Allies) mata.: for level
(36:08 / Allies) dirtmcwordup: done
(36:18 / Allies) mata.: dont lose hero durt
(36:19 / Allies) dirtmcwordup: i bet they whispering him
(36:20 / Allies) dirtmcwordup: like
(36:23 / Allies) dirtmcwordup: WE ARE WINNING
(36:25 / Allies) dirtmcwordup: WHYD YOU LEAVE
(36:37 / Allies) mata.: U WONT BELIEVE IT BRO WE KICKIN ASS
(36:47 / Allies) mata.: commencing operation
(36:57 / Allies) mata.: are we all prepped and ready in general
(37:06 / Allies) BEAR_AND: gonna buy some staf
(37:26 / Allies) dirtmcwordup: make second shop DIRTMCGIRT
(37:39 / Allies) dirtmcwordup: who has tiny
(37:46 / Allies) mata.: shalis
(37:49 / Allies) mata.: chalice
(38:18 / Allies) BEAR_AND: did you just get revealed
(38:20 / Allies) BEAR_AND: what is that
(38:22 / Allies) mata.: it wa sme
(38:23 / Allies) BEAR_AND: ok
(38:33 / Allies) dirtmcwordup: chim and wyrm
(38:37 / Allies) dirtmcwordup: i say hu tower
(38:43 / Allies) mata.: with possibility for bat
(38:55 / Allies) dirtmcwordup: they can chim it with fiend support
(38:57 / Allies) DIRTMCGIRT: 12 bats
(38:59 / Allies) dirtmcwordup: if they wyrm it we at least got aa
(39:04 / Allies) mata.: nah
(39:07 / Allies) mata.: we're going to build far inland
(39:33 / Allies) mata.: yo no make them leave
(39:35 / Allies) mata.: this is real shit
(39:40 / Allies) mata.: this could be the first time we get bgrounds
(39:41 / Allies) dirtmcwordup: is it bear and
(39:47 / Allies) BEAR_AND: not touching them
(39:47 / Allies) dirtmcwordup: that guy always makes them leave
(39:49 / Allies) mata.: thought he was gonna fight em
(39:54 / Allies) DIRTMCGIRT: im just creepin
(40:03 / Allies) dirtmcwordup: going 100 food
(40:05 / Allies) dirtmcwordup: gold./wood please
(40:07 / Allies) dirtmcwordup: im at 49
(40:08 / Allies) mata.: faggotes
(40:23 / Allies) dirtmcwordup: feed please
(40:25 / Allies) dirtmcwordup: anybdoy
(40:35 / Allies) dirtmcwordup: lum me mata
(40:36 / Allies) dirtmcwordup: ty
(40:39 / Allies) mata.: get masonry
(40:40 / Allies) mata.: pleaze
(41:13 / Allies) mata.: what the heck dirt
(41:14 / Allies) dirtmcwordup: make aowind?
(41:24 / Allies) mata.: tay but i have fewwells
(41:27 / Allies) DIRTMCGIRT: i want level 6
(41:32 / Allies) mata.: woah 
(41:32 / Allies) dirtmcwordup: please dont
(41:33 / Allies) mata.: dirt
(41:35 / Allies) dirtmcwordup: they will quit
(41:35 / Allies) mata.: if you make them leave
(41:36 / Allies) mata.: you have no idea
(41:47 / Allies) DIRTMCGIRT: i make them leave by killin hyppo?
(41:52 / Allies) dirtmcwordup: yes
(41:55 / Allies) dirtmcwordup: you never know
(41:56 / Allies) dirtmcwordup: one left
(41:57 / All) BEAR_AND: turtle91
(42:04 / Allies) dirtmcwordup: that increases their chances of leaving exponentially
(42:04 / All) BEAR_AND: is that cause u got a tattoo of a turtle on ur ass
(42:06 / All) Turtle91: yes?
(42:09 / Allies) DIRTMCGIRT: fine
(42:12 / All) dirtmcwordup: LMFAO
(42:13 / Allies) DIRTMCGIRT: ill just chop down these towers
(42:22 / Allies) dirtmcwordup: dont chop anything please
(42:25 / Allies) mata.: arg
(42:26 / Allies) dirtmcwordup: just tp up with some worker.
(42:26 / Allies) mata.: just
(42:27 / Allies) mata.: stop
(42:33 / Allies) mata.: seriously i cant believe you always do this
(42:36 / Allies) DIRTMCGIRT: ok
(42:39 / Allies) DIRTMCGIRT: got reincar
(42:41 / Allies) dirtmcwordup: careful
(42:43 / Allies) dirtmcwordup: please dont
(42:45 / Allies) DIRTMCGIRT: i dont always do this
(42:45 / Allies) dirtmcwordup: open it all the way
(42:49 / Allies) DIRTMCGIRT: i just killed 3 towers
(42:50 / Allies) DIRTMCGIRT: jeez
(42:51 / Allies) mata.: yeah this is far as it goes
(43:27 / Allies) mata.: this is a nice alamo
(43:51 / Allies) dirtmcwordup: somebody tower top
(43:55 / Allies) dirtmcwordup: im dipping into v. low gold
(44:09 / Allies) dirtmcwordup: nope bear and bring 0 worker
(44:13 / Allies) mata.: :T
(44:14 / Allies) BEAR_AND: what if there was a Very High Upkeep
(44:17 / Allies) BEAR_AND: when you were over 100
(44:18 / Allies) mata.: he hasnt brought air yet
(44:25 / Allies) BEAR_AND: don't want to walk it over ne base
(44:26 / Allies) dirtmcwordup: hiding a worker
(44:30 / Allies) mata.: tp up
(44:31 / Allies) mata.: with worker
(44:36 / Allies) mata.: and air
(44:48 / Allies) mata.: hello?
(44:50 / Allies) dirtmcwordup: ?
(44:53 / Allies) mata.: bear
(44:54 / Allies) mata.: you here?
(44:56 / Allies) BEAR_AND: ???????????????
(45:01 / Allies) BEAR_AND: is your monitor on?
(45:07 / Allies) mata.: ok good
(45:29 / Allies) mata.: was busy making
(45:41 / Allies) dirtmcwordup: almost
(45:41 / Allies) dirtmcwordup: time
(45:42 / Allies) dirtmcwordup: to
(45:43 / Allies) dirtmcwordup: go up
(45:43 / Allies) mata.: i'd take but
(45:48 / Allies) mata.: tower would kill
(45:56 / Allies) dirtmcwordup: did aybody jew
(46:00 / Allies) mata.: i have a little gold
(46:04 / Allies) BEAR_AND: i never had an expo
(46:15 / Allies) dirtmcwordup: i got mad dhwk
(46:16 / Allies) BEAR_AND: that a lot of hawk
(46:21 / Allies) dirtmcwordup: like 30
(46:22 / Allies) mata.: build some towers
(46:25 / Allies) BEAR_AND: need a mill
(46:30 / Allies) mata.: builda  mill
(46:34 / Allies) dirtmcwordup: no
(46:35 / Allies) dirtmcwordup: i
(46:35 / Allies) dirtmcwordup: got
(46:37 / All) hulaga: the great wall of china has fallen
(46:37 / Allies) dirtmcwordup: let me
(46:40 / Allies) dirtmcwordup: i still got 1200 g
(46:41 / All) BEAR_AND: yea, shit
(46:45 / Allies) dirtmcwordup: where do i place
(46:56 / Allies) mata.: no further out
(46:57 / Allies) mata.: that's siegeable
(46:59 / All) Turtle91: yeah good game guys
(47:05 / Allies) dirtmcwordup: is that good
(47:06 / Allies) mata.: oh well they ca't follow us
(47:12 / Allies) mata.: yeah by this lake they can't siege it
(47:12 / Allies) BEAR_AND: where the fuck is tauren
(47:14 / Allies) mata.: around the lake
(47:16 / Allies) BEAR_AND: lol
(47:17 / Allies) BEAR_AND: lol
(47:20 / Allies) BEAR_AND: hahaha dirtmcgirt
(47:24 / Allies) mata.: heck yeh sell
(47:33 / Allies) BEAR_AND: staff it on up
(47:34 / Allies) mata.: buy invis pot
(47:37 / Allies) mata.: and creep that
(47:40 / Allies) dirtmcwordup: owned
(47:42 / Allies) mata.: god
(47:42 / Allies) dirtmcwordup: such a sweet spot
(47:43 / Allies) mata.: fuckin
(47:44 / Allies) mata.: damn
(47:55 / Allies) dirtmcwordup: gtfo
(48:06 / Allies) mata.: wanna tower other side
(48:08 / Allies) mata.: of the lake?
(48:15 / Allies) dirtmcwordup: dont lete paladin die
(48:17 / Allies) dirtmcwordup: he is aura bitch
(48:21 / Allies) dirtmcwordup: idk you can if you want
(48:23 / Allies) BEAR_AND: ok
(48:32 / Allies) dirtmcwordup: put workers in back
(48:33 / Allies) dirtmcwordup: please
(48:35 / Allies) BEAR_AND: now he is aura bitch
(48:46 / Allies) mata.: lets deforest some more
(48:49 / Allies) mata.: it's good to be able to move around
(48:52 / Allies) mata.: and they cant follow us up
(48:55 / Allies) BEAR_AND: i miss my gyros
(49:13 / Allies) dirtmcwordup: is this good idea
(49:15 / Allies) dirtmcwordup: they can see you
(49:18 / Allies) mata.: dont think so
(49:21 / Allies) BEAR_AND: not unless air
(49:22 / Allies) dirtmcwordup: they cant see us as it is now
(49:30 / Allies) dirtmcwordup: air wont fly over this
(49:33 / Allies) dirtmcwordup: but itll fly near it
(49:33 / Allies) mata.: ok
(49:34 / Allies) mata.: i'll wait
(49:43 / Allies) mata.: until theyve found it
(49:56 / Allies) mata.: this is sweet spot tho
(50:05 / Allies) dirtmcwordup: this gona be mad sweet
(50:15 / Allies) dirtmcwordup: dmg i make a house
(50:17 / Allies) dirtmcwordup: for you ad me.
(50:28 / All) mata.: dam... gg
(50:30 / Allies) BEAR_AND: and chicken
(50:31 / All) mata.: noob ally
(50:38 / All) DanteKamar: Who?  Yellow?
(50:38 / All) BEAR_AND: fuck u scott
(50:40 / Allies) mata.: they start a littel poultry farm
(50:41 / Allies) dirtmcwordup: a heterosexual farm ok
(50:48 / All) Turtle91: guys, did you just forget boots of speed on ur heros?
(50:48 / All) mata.: ya yellow and green.... .xx
(50:49 / All) DIRTMCGIRT: U GOT ME
(50:56 / All) BEAR_AND: wtf
(51:07 / All) DIRTMCGIRT: HAHA NOPE
(51:20 / All) BEAR_AND: plzzzz i need this win
(51:21 / Allies) mata.: timg
(51:22 / Allies) dirtmcwordup: siege can hit mos tof these towers
(51:22 / All) BEAR_AND: plzzzzzz
(51:23 / Allies) dirtmcwordup: fyi
(51:24 / Allies) mata.: i told your dude to stop chopping
(51:25 / All) BEAR_AND: can i pay u ti quit
(51:28 / Allies) mata.: you were gonna open it
(51:32 / Allies) dirtmcwordup: ?
(51:33 / All) DanteKamar: there is always next game
(51:36 / Allies) mata.: you were hitting othe one above
(51:37 / Allies) dirtmcwordup: he just chillaxin
(51:37 / Allies) mata.: yellow worker
(51:38 / All) BEAR_AND: plzzzz i pay u $5 each
(51:38 / Allies) dirtmcwordup: o
(51:39 / Allies) dirtmcwordup: oops
(51:43 / Allies) BEAR_AND: have paypal
(51:46 / All) BEAR_AND: have paypal?
(51:46 / All) hulaga: i spend at least 30 mins
(51:52 / All) hulaga: on this game, i will not waste it
(51:53 / All) BEAR_AND: $10 hr that is good
(51:56 / All) DanteKamar: Well, if you can get it to me withing 5 minutes
(52:03 / All) BEAR_AND: what is yuor paypal address
(52:04 / Allies) dirtmcwordup: he smells like a zoo.
(52:08 / Allies) mata.: hey sweet wisp spot
(52:13 / Allies) dirtmcwordup: mad iece
(52:16 / Allies) mata.: check it out
(52:20 / All) DanteKamar: I don't have Paypal, You'll have to mail me a check.
(52:26 / All) BEAR_AND: damn......
(52:28 / All) BEAR_AND: where do you live
(52:36 / Allies) dirtmcwordup: please
(52:37 / Allies) dirtmcwordup: or we disc
(52:42 / Allies) mata.: 2k
(52:44 / Allies) dirtmcwordup: it gets weird
(52:48 / Allies) dirtmcwordup: if that menu is up for a while
(52:49 / Allies) dirtmcwordup: we all disc
(52:55 / Allies) BEAR_AND: i know
(52:57 / Allies) BEAR_AND: happened to me
(52:58 / Allies) BEAR_AND: a few times
(52:59 / Allies) dirtmcwordup: or maybe is disc hacks idk
(53:04 / Allies) dirtmcwordup: also only press once
(53:07 / Allies) mata.: i've never experienced that
(53:07 / Allies) mata.: so
(53:08 / Allies) dirtmcwordup: i get very scared of those things.
(53:11 / Allies) BEAR_AND: yeah if you spam it
(53:12 / Allies) BEAR_AND: it drops you
(53:29 / Allies) dirtmcwordup: chicken is blocking them from entering
(53:30 / Allies) mata.: i like the chicken
(53:33 / Allies) mata.: bouncer
(53:40 / Allies) dirtmcwordup: hes like a pet
(53:42 / Allies) BEAR_AND: hanging out & keeping it safe
(53:48 / Allies) BEAR_AND: he's like robot from halflife 2
(53:49 / Allies) dirtmcwordup: if orcs and humans can be friends..........why cant chickne,s.
(54:01 / Allies) mata.: like the dog?
(54:02 / Allies) BEAR_AND: all that fucking siege
(54:04 / Allies) BEAR_AND: dog the robot
(54:07 / Allies) BEAR_AND: from halfl ife 2
(54:09 / Allies) BEAR_AND: chicken is like him
(54:10 / Allies) mata.: yeh
(54:12 / Allies) mata.: i know what ya mean
(54:20 / Allies) dirtmcwordup: we have more things dont we
(54:22 / Allies) mata.: this mountain is nice
(54:24 / Allies) dirtmcwordup: bring these
(54:28 / Allies) dirtmcwordup: BUT DONT GET SPOTTED...
(54:32 / Allies) BEAR_AND: how would i even do that
(54:34 / Allies) mata.: fly it over edge
(54:36 / Allies) BEAR_AND: ok........
(54:36 / Allies) mata.: i think is discrete
(54:37 / Allies) dirtmcwordup: hug edge
(54:41 / Allies) dirtmcwordup: owned
(54:42 / Allies) dirtmcwordup: and
(54:43 / Allies) dirtmcwordup: pwend
(54:53 / Allies) mata.: haha hippos
(54:55 / Allies) mata.: seen
(55:09 / Allies) dirtmcwordup: this a gangsta perch
(55:19 / Allies) mata.: ummm...ok
(55:26 / Allies) dirtmcwordup: our little lakeside retreat
(55:28 / Allies) BEAR_AND: were u going chicken
(55:31 / Allies) BEAR_AND: go home
(55:37 / Allies) dirtmcwordup: he going on adventure
(55:40 / Allies) dirtmcwordup: he too old
(55:40 / Allies) BEAR_AND: nooooooooooo
(55:43 / Allies) dirtmcwordup: needs to explore big world
(55:44 / All) DanteKamar: nice
(55:50 / All) hulaga: please explain
(55:51 / All) Turtle91: lmao... thats a nice hiding plze
(55:54 / All) dirtmcwordup: huh
(55:55 / Allies) mata.: they found it
(55:56 / All) BEAR_AND: i sit here & eat a pizza
(56:00 / All) BEAR_AND: would u like to come
(56:27 / All) BEAR_AND: take a bite
(56:31 / Allies) mata.: i'll eat thru
(56:31 / Allies) dirtmcwordup: hold pisition all air please
(56:33 / All) BEAR_AND: of teh OWNage pizza
(56:46 / Allies) mata.: escort
(56:56 / Allies) dirtmcwordup: i got you
(56:59 / Allies) dirtmcwordup: blizzarding the edges
(57:02 / Allies) mata.: sweet ty
(57:05 / Allies) dirtmcwordup: into
(57:05 / Allies) dirtmcwordup: it
(57:26 / Allies) BEAR_AND: now that is a screenshot
(57:32 / Allies) mata.: haha
(57:44 / Allies) dirtmcwordup: did you see that though
(57:46 / Allies) dirtmcwordup: hes like
(57:48 / Allies) dirtmcwordup: oh shit blizzard
(57:52 / Allies) dirtmcwordup: gotta run in there before it runs iout
(58:12 / Allies) dirtmcwordup: how deep is chicken farm ognna be
(58:15 / Allies) dirtmcwordup: NO
(58:19 / Allies) dirtmcwordup: chicken you canot leaf
(58:28 / Allies) BEAR_AND: "mooooooom"
(58:29 / Allies) mata.: da road
(58:32 / Allies) mata.: has been paved
(58:40 / Allies) dirtmcwordup: now it truly a chicken farm.
(58:42 / Allies) mata.: haha
(58:43 / Allies) mata.: his ult
(59:05 / Allies) dirtmcwordup: bear and
(59:07 / Allies) BEAR_AND: yea
(59:08 / Allies) dirtmcwordup: your turn to tower
(59:10 / Allies) mata.: blizz that shite
(59:19 / Allies) dirtmcwordup: make me some room to blizz
(59:20 / Allies) dirtmcwordup: please
(59:23 / Allies) mata.: i yam
(59:25 / Allies) mata.: dont send all worker
(59:25 / Allies) dirtmcwordup: damn
(59:27 / Allies) mata.: send 1 or 2
(59:29 / Allies) dirtmcwordup: impale almost sent my over
(59:44 / Allies) mata.: nice
(60:17 / Allies) BEAR_AND: tower where
(60:21 / Allies) mata.: thereish
(60:22 / Allies) dirtmcwordup: the lake
(60:25 / Allies) BEAR_AND: along trees?
(60:28 / Allies) dirtmcwordup: no
(60:31 / Allies) mata.: so they cant sneak mad air into our air
(60:33 / Allies) dirtmcwordup: make 3 across
(60:34 / Allies) mata.: by the lakeside
(60:35 / Allies) dirtmcwordup: and 3 down
(60:39 / Allies) dirtmcwordup: anything else can besieged
(60:45 / Allies) dirtmcwordup: 4 down
(60:46 / Allies) dirtmcwordup: i meant
(60:50 / Allies) dirtmcwordup: yes
(60:51 / Allies) BEAR_AND: that fits sooooo nice
(61:19 / Allies) dirtmcwordup: gay
(61:32 / Allies) dirtmcwordup: do we want to open it
(61:37 / Allies) dirtmcwordup: they can get up here theoretically
(61:39 / Allies) BEAR_AND: no
(61:41 / Allies) mata.: how
(61:43 / Allies) BEAR_AND: i like more trees
(61:45 / Allies) dirtmcwordup: orc
(61:48 / Allies) mata.: oh right
(61:48 / Allies) mata.: orc
(61:51 / Allies) dirtmcwordup: nelf
(61:54 / Allies) mata.: totally forgot
(61:57 / Allies) dirtmcwordup: they dot both have tri hero do they
(62:02 / Allies) mata.: dont think so
(62:09 / Allies) mata.: sent
(62:11 / Allies) dirtmcwordup: its a race
(62:13 / Allies) dirtmcwordup: a race of races
(62:15 / Allies) dirtmcwordup: are you ready
(62:17 / Allies) mata.: damn close
(62:17 / Allies) dirtmcwordup: the racial race
(62:23 / Allies) dirtmcwordup: u rdy./
(62:25 / Allies) dirtmcwordup: who win
(62:27 / Allies) dirtmcwordup: white human
(62:29 / Allies) dirtmcwordup: or nigger orc
(62:33 / Allies) mata.: niggers are faster
(62:34 / Allies) dirtmcwordup: on your mark get set go
(62:34 / Allies) mata.: usually
(62:40 / Allies) BEAR_AND: u are both horribl
(62:42 / Allies) dirtmcwordup: its the orc
(62:43 / Allies) dirtmcwordup: by
(62:45 / Allies) dirtmcwordup: a hair
(62:50 / Allies) mata.: i knu it
(62:57 / Allies) mata.: yo
(63:00 / Allies) mata.: lich has dnd
(63:05 / Allies) mata.: haha
(63:13 / Allies) BEAR_AND: no he donest.....not in his GRAVE
(63:13 / Allies) mata.: funy to me
(63:27 / Allies) dirtmcwordup: guy unsum approx everything
(63:39 / Allies) dirtmcwordup: this a sweet azz perch
(63:51 / Allies) mata.: i just wish they had no orc
(63:55 / Allies) dirtmcwordup: me too
(63:55 / Allies) mata.: this would be our mansion
(63:58 / Allies) dirtmcwordup: id leave some trees though
(64:01 / Allies) BEAR_AND: let me jsut say....im glad to be on the first crew to do battleground.
(64:09 / Allies) mata.: can we tower by that lake
(64:15 / Allies) mata.: lowl
(64:21 / Allies) mata.: oh
(64:21 / Allies) mata.: bbv
(64:22 / Allies) mata.: wth
(64:24 / Allies) BEAR_AND: bbv
(64:24 / Allies) dirtmcwordup: fucke
(64:31 / Allies) mata.: aw freak
(64:48 / Allies) dirtmcwordup: haha
(64:55 / Allies) mata.: hold pos air
(65:01 / Allies) dirtmcwordup: i did
(65:05 / Allies) dirtmcwordup: woder why he amove
(65:08 / Allies) mata.: FDs
(65:27 / Allies) dirtmcwordup: almsot got tp
(65:30 / Allies) BEAR_AND: mana flar does what 40 damage to hero?
(65:31 / Allies) mata.: whats with these guys freakin unit choices
(65:33 / Allies) mata.: i mean honestly
(65:51 / Allies) dirtmcwordup: yugh
(66:13 / All) DanteKamar: This is totally gay.
(66:17 / All) BEAR_AND: bwa hahahahahahah
(66:21 / Allies) mata.: dont think they have it figured out yet
(66:25 / All) BEAR_AND: my cheque will bounce
(66:27 / Allies) mata.: and if they dont figure it out soon they'll be oog
(66:31 / All) BEAR_AND: and you will be out $25 ahhahahahahha
(66:33 / All) Turtle91: lmao
(66:50 / Allies) BEAR_AND: lil blight
(66:56 / Allies) mata.: i dont like it
(67:00 / Allies) mata.: do we have dispel
(67:01 / Allies) mata.: or something
(67:06 / Allies) BEAR_AND: thats where we poo
(67:15 / Allies) mata.: i thought we'd go in the lakes
(67:21 / Allies) dirtmcwordup: that our drinking water
(67:22 / Allies) BEAR_AND: gross
(67:24 / Allies) dirtmcwordup: or is one poo one drink
(67:25 / Allies) mata.: we have like 3 lakes
(67:26 / Allies) mata.: tho
(67:32 / Allies) mata.: this one is poo
(67:34 / Allies) dirtmcwordup: tiny one is poo
(67:35 / Allies) mata.: one is drink
(67:36 / Allies) dirtmcwordup: mid is bathe
(67:38 / Allies) mata.: one is bathe
(67:38 / Allies) mata.: ya
(67:39 / Allies) dirtmcwordup: big is dirnk
(67:42 / Allies) mata.: wait
(67:43 / Allies) dirtmcwordup: all fixed
(67:45 / Allies) mata.: poo and bathe is connected
(67:47 / Allies) mata.: not good
(67:52 / Allies) dirtmcwordup: ohhh nooo
(68:02 / Allies) dirtmcwordup: we just all died from ecoli
(68:19 / Allies) dirtmcwordup: see
(68:21 / Allies) dirtmcwordup: we all got it now
(68:25 / Allies) dirtmcwordup: except warden
(68:28 / Allies) dirtmcwordup: wardens dont poop
(68:31 / Allies) mata.: or don bathe
(68:36 / Allies) dirtmcwordup: (she a girkl)
(68:45 / Allies) mata.: hmm
(68:47 / Allies) mata.: u sure?
(68:55 / Allies) mata.: is this what a girl looks like
(68:57 / Allies) dirtmcwordup: oh god
(69:00 / Allies) dirtmcwordup: it staffs me to arcane
(69:07 / Allies) mata.: crazy
(69:08 / Allies) dirtmcwordup: its a lighthouse really
(69:10 / Allies) BEAR_AND: staffs me here
(69:33 / Allies) dirtmcwordup: clear a trail
(69:37 / Allies) dirtmcwordup: so we can poo in far left lake
(69:43 / Allies) mata.: what like
(69:45 / Allies) mata.: over the ridge
(69:47 / Allies) dirtmcwordup: maybe we fling it
(69:50 / Allies) dirtmcwordup: its not that far
(69:51 / Allies) mata.: blizz dat
(70:16 / Allies) dirtmcwordup: with your tol is riskee
(70:24 / Allies) mata.: they'd have to accost it with wyrm
(70:36 / Allies) BEAR_AND: you are winning by 6 exp timg
(72:02 / Allies) dirtmcwordup: maybe we burn the poop
(72:03 / Allies) dirtmcwordup: for fuel
(72:07 / Allies) mata.: would smell so bad
(72:11 / Allies) mata.: what a troll
(72:23 / Allies) mata.: just sitting on unassailable mountain burning shit
(72:32 / Allies) dirtmcwordup: my tower die.
(72:48 / Allies) mata.: da thunderhorn
(72:49 / Allies) dirtmcwordup: we need to figure out where our poop goes
(72:53 / Allies) mata.: i cleared a shit trail
(72:59 / Allies) dirtmcwordup: so we are flinging it
(73:00 / Allies) mata.: we can just lean over the side and shit into orange base
(73:04 / Allies) BEAR_AND: look at that shit washing up on lake shore
(73:05 / Allies) BEAR_AND: ugh
(73:06 / Allies) mata.: who knows
(73:09 / Allies) dirtmcwordup: let it dry up then just chuck it.
(73:14 / Allies) dirtmcwordup: maybe we bury it
(73:17 / Allies) dirtmcwordup: with shockwave.
(73:20 / Allies) mata.: soil is too hard
(73:21 / Allies) mata.: sorry
(73:22 / Allies) BEAR_AND: look who it is
(73:26 / All) BEAR_AND: 'let me in here'
(73:28 / Allies) dirtmcwordup: a sheep
(73:30 / All) BEAR_AND: 'fuck u'
(73:30 / Allies) dirtmcwordup: a fuck
(73:38 / Allies) mata.: hey
(73:41 / Allies) mata.: swave hits that shop
(74:03 / Allies) dirtmcwordup: do we have any more critters
(74:06 / Allies) BEAR_AND: no
(74:08 / Allies) BEAR_AND: just sheep and chicken
(74:12 / Allies) dirtmcwordup: so nobodu could move
(74:14 / Allies) mata.: lich
(74:22 / Allies) dirtmcwordup: oops
(74:46 / Allies) dirtmcwordup: our farm getting big
(74:50 / Allies) dirtmcwordup: gotta make 2 building
(74:59 / Allies) dirtmcwordup: nope
(75:00 / Allies) mata.: no more mines it hink
(75:04 / All) mata.: how u guys doin
(75:05 / Allies) BEAR_AND: they all on mana
(75:06 / Allies) BEAR_AND: lol
(75:08 / Allies) dirtmcwordup: our farms take place durig the civil rights movement
(75:12 / Allies) dirtmcwordup: one farm for colored one for whites
(75:15 / Allies) mata.: what a statement
(75:30 / Allies) dirtmcwordup: mine is the nicer one
(76:18 / Allies) dirtmcwordup: stuck my worker
(76:19 / Allies) dirtmcwordup: owned
(76:27 / Allies) dirtmcwordup: they dancing
(76:30 / Allies) dirtmcwordup: together
(76:36 / Allies) mata.: danggg
(76:46 / Allies) dirtmcwordup: are they going to perch
(76:54 / Allies) mata.: this one is perchable
(77:02 / Allies) dirtmcwordup: we good
(77:06 / Allies) mata.: this lake is sweet
(77:11 / Allies) dirtmcwordup: yes
(77:20 / Allies) dirtmcwordup: is lake with hint of underwater spring/cavern
(77:23 / Allies) mata.: man this one is probably less siegable than ours
(77:30 / Allies) mata.: that is close but still
(77:40 / Allies) mata.: ya just colonize south part 
(77:43 / Allies) mata.: of the lake
(77:56 / Allies) dirtmcwordup: mortar ca hit most of this ledge
(77:57 / Allies) dirtmcwordup: from below
(78:07 / Allies) mata.: 2 levels down though
(78:10 / Allies) mata.: there's a buffer level
(78:23 / All) BEAR_AND: where's the beef
(78:27 / Allies) mata.: mortars can shell extermely far into our current perch too
(78:31 / All) BEAR_AND: any of you guys want to 1v1 after this game
(78:37 / All) hulaga: MNO
(78:43 / Allies) dirtmcwordup: fuck
(78:43 / Allies) dirtmcwordup: a
(78:43 / Allies) mata.: hehe lich
(78:48 / Allies) dirtmcwordup: the
(78:49 / Allies) dirtmcwordup: sheep
(78:50 / Allies) dirtmcwordup: fuckin
(78:51 / Allies) dirtmcwordup: faggots
(78:53 / Allies) BEAR_AND: noooooo
(78:59 / Allies) BEAR_AND: im quitting
(79:00 / Allies) dirtmcwordup: a no
(79:05 / Allies) dirtmcwordup: struck down
(79:06 / Allies) dirtmcwordup: from
(79:07 / Allies) dirtmcwordup: be
(79:07 / Allies) dirtmcwordup: hind
(79:12 / All) dirtmcwordup: have u no honor
(79:38 / Allies) dirtmcwordup: that was extra 80g wasted
(79:42 / Allies) dirtmcwordup: to let your stupid sheep in
(79:48 / Allies) dirtmcwordup: thanks yerk
(79:49 / Allies) BEAR_AND: fuck that sheep
(79:55 / Allies) mata.: did we leave any items that we no of
(80:06 / Allies) dirtmcwordup: checka dis
(80:40 / Allies) dirtmcwordup: save bolt for dd
(80:41 / Allies) dirtmcwordup: dnd
(80:44 / Allies) BEAR_AND: ok
(81:04 / Allies) dirtmcwordup: why do you keep your heroes on the edge
(81:10 / Allies) dirtmcwordup: they just gonna weaken with siege the nuek
(81:53 / Allies) BEAR_AND: he dead
(81:53 / Allies) mata.: god damn wth
(82:00 / Allies) BEAR_AND: ahahahahahah
(82:02 / Allies) BEAR_AND: they quit now
(82:20 / Allies) mata.: did we purge phase shift???
(82:23 / Allies) dirtmcwordup: yes
(82:25 / Allies) dirtmcwordup: no
(82:25 / Allies) dirtmcwordup: idk
(82:28 / Allies) dirtmcwordup: we purged during
(82:30 / Allies) dirtmcwordup: but didnt purge it
(82:39 / Allies) mata.: we shouldnt have been able to attack it 
(82:41 / Allies) BEAR_AND: sh died right
(82:41 / Allies) mata.: while it was shifted at all
(82:44 / Allies) mata.: yah
(83:08 / Allies) mata.: worried about kotg
(83:13 / Allies) dirtmcwordup: u shall ot pass
(83:16 / Allies) mata.: just a nuada
(83:16 / Allies) mata.: but still
(83:22 / Allies) dirtmcwordup: oh ma
(83:24 / Allies) dirtmcwordup: i remember one perch
(83:26 / Allies) dirtmcwordup: they came up
(83:29 / Allies) dirtmcwordup: and i invis a hero
(83:31 / Allies) dirtmcwordup: and stuck him here
(83:33 / Allies) mata.: hahhaha
(83:33 / Allies) mata.: oh yeah
(83:41 / Allies) mata.: it was meld
(83:44 / Allies) dirtmcwordup: they were killing themsleves
(83:44 / Allies) mata.: i remember they were stuck all night
(83:45 / Allies) dirtmcwordup: remember
(83:52 / Allies) dirtmcwordup: they were getting so angry
(83:55 / Allies) dirtmcwordup: FUCKIN MOVE
(83:56 / Allies) dirtmcwordup: HURRY UJP
(83:57 / Allies) mata.: shit was awesome
(84:00 / Allies) dirtmcwordup: and started killing the guy
(84:01 / Allies) dirtmcwordup: holy shit
(84:03 / Allies) mata.: they killed like 3 heroes
(84:03 / Allies) dirtmcwordup: hahaha
(84:12 / All) BEAR_AND: bam
(84:14 / All) BEAR_AND: u die
(84:20 / All) BEAR_AND: ahahhahahah go to a grave!!!!!!!!!!
(84:22 / Allies) mata.: hehe aps
(84:44 / Allies) mata.: THANKS
(84:45 / Allies) mata.: bear 
(84:46 / Allies) BEAR_AND: was looking for you
(84:47 / All) Turtle91: Bam
(84:47 / Allies) dirtmcwordup: who is biggest noob
(84:50 / Allies) BEAR_AND: thought you blinked up
(84:50 / Allies) dirtmcwordup: bear and is biggest noob
(84:56 / Allies) dirtmcwordup: guy doesnt know how to heal anybody but himself
(85:02 / Allies) BEAR_AND: are u kiddeng
(85:03 / Allies) dirtmcwordup: and 90% of time if you take paladi to heal you
(85:05 / Allies) dirtmcwordup: he pulls away
(85:06 / Allies) BEAR_AND: i healed everybody all day
(85:08 / Allies) dirtmcwordup: spams, like blinn
(85:19 / Allies) mata.: welp i'd have to lose air
(85:20 / Allies) mata.: to get hero bakc
(85:27 / Allies) dirtmcwordup: if you take healer hero you better be prepared to just focus o healing other peeps
(85:31 / Allies) BEAR_AND: i was
(85:35 / Allies) BEAR_AND: i heard blink and looked up to heal mata
(85:39 / Allies) BEAR_AND: little did i know he was still below
(85:46 / Allies) mata.: i hate that to
(85:47 / Allies) mata.: tho
(85:53 / Allies) mata.: when you get stunned
(85:55 / Allies) mata.: during blink animation
(86:04 / Allies) dirtmcwordup: thats because anuimation goes before the spell
(86:06 / Allies) dirtmcwordup: like flamestrike
(86:09 / Allies) mata.: yes
(86:15 / Allies) mata.: still is short animation
(86:23 / Allies) dirtmcwordup: how do they see
(86:29 / Allies) BEAR_AND: dnd is target
(86:33 / Allies) mata.: dont think they do
(86:34 / Allies) dirtmcwordup: no
(86:36 / Allies) mata.: chim
(86:37 / Allies) dirtmcwordup: and tangle
(86:44 / Allies) mata.: well once you start countering
(86:45 / Allies) dirtmcwordup: suicide hipppo on it
(86:46 / Allies) mata.: they see obv
(86:52 / Allies) mata.: in a minot
(86:54 / Allies) dirtmcwordup: in sc2 that doesnt happen
(87:00 / Allies) dirtmcwordup: they cant see where they are getting  hit from
(87:02 / Allies) dirtmcwordup: i cant wait for that
(87:03 / Allies) mata.: ya
(87:04 / Allies) mata.: gonna be gay
(87:05 / Allies) BEAR_AND: that is sweet
(87:19 / Allies) dirtmcwordup: why do you send all 3 heroes
(87:23 / Allies) dirtmcwordup: mk/paladin just block
(87:25 / Allies) mata.: gonna stack siege tanks
(87:26 / Allies) BEAR_AND: nah
(87:34 / Allies) BEAR_AND: they block on right
(87:39 / Allies) BEAR_AND: and i use f1 f2 f3 there
(87:45 / Allies) dirtmcwordup: do you really
(87:49 / Allies) dirtmcwordup: mata do you use the f123
(87:52 / Allies) mata.: yes
(87:56 / Allies) dirtmcwordup: what noops
(88:00 / Allies) BEAR_AND: tower
(88:32 / Allies) mata.: get that
(88:35 / Allies) mata.: manaflare
(88:56 / Allies) dirtmcwordup: swing & a miss
(88:58 / Allies) mata.: bear, some gold if you will
(89:11 / Allies) dirtmcwordup: all protect
(89:31 / Allies) dirtmcwordup: gotta make poop trail wide
(89:33 / Allies) dirtmcwordup: tc is big.
(90:33 / Allies) mata.: haha what a staff
(90:45 / Allies) mata.: gg
(90:46 / Allies) dirtmcwordup: worst staff ever
(90:48 / Allies) mata.: let tc die i guess
(90:58 / Allies) mata.: he about out of mana
(91:10 / Allies) dirtmcwordup: do you hold in alt bear and
(91:13 / Allies) BEAR_AND: yes
(91:18 / Allies) dirtmcwordup: thats all your left thumb should do i think.
(91:19 / Allies) BEAR_AND: yes
(91:21 / Allies) BEAR_AND: that is
(91:23 / Allies) dirtmcwordup: thats all it can do in war3.
(91:23 / Allies) mata.: i have the program so fuck it
(91:30 / Allies) mata.: i have my hacks you know
(91:33 / Allies) dirtmcwordup: that is a hacker prog
(92:00 / All) BEAR_AND: how come you have whole map....and can't beat 1 lil corner.
(92:24 / All) DanteKamar: Because we cant' reach one little corner.
(92:30 / All) BEAR_AND: too fat??????????
(92:31 / All) mata.: ?
(92:32 / All) mata.: air?
(92:36 / Allies) mata.: haha remember
(92:38 / Allies) mata.: that's wha we said
(92:38 / Allies) BEAR_AND: yes
(92:40 / Allies) BEAR_AND: that was a quote.
(92:40 / Allies) mata.: when they couldnt get thru
(92:51 / Allies) BEAR_AND: it was right here
(92:55 / Allies) mata.: yah
(92:58 / Allies) dirtmcwordup: my favorite moment ever
(93:05 / Allies) dirtmcwordup: i cant believe i forgot about that
(93:11 / Allies) mata.: was like in 1.20
(93:14 / Allies) dirtmcwordup: yeah
(93:14 / Allies) mata.: proto-perch
(93:14 / Allies) BEAR_AND: i watched it
(93:18 / Allies) BEAR_AND: while eatin ga bwol of pasta
(93:20 / Allies) BEAR_AND: i remember it
(93:22 / Allies) BEAR_AND: like it was yesterday
(93:27 / Allies) BEAR_AND: it was about 1 year ago.
(93:31 / Allies) dirtmcwordup: yes
(93:34 / Allies) BEAR_AND: we have come full circle
(93:35 / Allies) mata.: dead siege
(93:35 / Allies) dirtmcwordup: im like
(93:39 / Allies) dirtmcwordup: didnt i own them @ this pass
(93:50 / Allies) dirtmcwordup: fyi
(93:53 / Allies) dirtmcwordup: when i was typing that
(93:55 / Allies) dirtmcwordup: the @ sign
(94:01 / Allies) dirtmcwordup: landed exactly on a tree stump
(94:08 / Allies) dirtmcwordup: so it looked like it was brown @
(94:12 / Allies) mata.: welp
(94:16 / Allies) BEAR_AND: interesting
(94:26 / Allies) mata.: good 2 no
(94:30 / Allies) dirtmcwordup: i dont want this game to end
(94:35 / Allies) BEAR_AND: it is too good
(94:57 / Allies) dirtmcwordup: making a runway for you
(95:01 / Allies) dirtmcwordup: you are like an aeroplane
(95:05 / Allies) mata.: word
(95:06 / Allies) BEAR_AND: zooooom
(95:09 / Allies) dirtmcwordup: washooom
(95:12 / Allies) mata.: thats what i always say
(95:19 / Allies) BEAR_AND: watch this
(95:27 / Allies) dirtmcwordup: bimaldo "mata the aeroplane" goodmanners
(95:33 / Allies) BEAR_AND: watch this my am gonna fly
(95:36 / Allies) mata.: goodmannérs
(95:45 / Allies) BEAR_AND: zoom
(95:46 / Allies) dirtmcwordup: terrible
(95:47 / Allies) BEAR_AND: hes gone
(95:52 / Allies) dirtmcwordup: it goa like this
(95:58 / Allies) mata.: dat sucked
(96:05 / Allies) mata.: it goa like this
(96:06 / Allies) dirtmcwordup: u watcheing
(96:08 / Allies) BEAR_AND: yes
(96:19 / Allies) BEAR_AND: better, i admit.
(96:22 / Allies) BEAR_AND: dman.
(96:30 / Allies) dirtmcwordup: holy crap
(96:34 / Allies) dirtmcwordup: watch dis
(96:39 / Allies) mata.: haha
(96:44 / Allies) dirtmcwordup: no
(96:45 / Allies) dirtmcwordup: ugh
(96:45 / Allies) BEAR_AND: hahahaha
(96:58 / Allies) BEAR_AND: you have to make a tc shockwave propel him up
(96:59 / Allies) dirtmcwordup: shitty
(97:18 / Allies) BEAR_AND: those moonwells are the landing lights
(97:19 / Allies) mata.: that thing
(97:23 / Allies) mata.: dong pointing southwards
(97:26 / Allies) mata.: looks more like a runway
(97:28 / Allies) BEAR_AND: its balls
(97:32 / Allies) BEAR_AND: our perch is the giant cock
(97:34 / Allies) dirtmcwordup: this guy
(97:36 / Allies) dirtmcwordup: goes underwater
(97:37 / Allies) dirtmcwordup: watch this
(97:46 / Allies) dirtmcwordup: was sweet
(97:50 / Allies) BEAR_AND: all those auras
(97:51 / Allies) dirtmcwordup: if i saw airplane come out of water
(97:53 / Allies) dirtmcwordup: i shit myself
(98:04 / Allies) dirtmcwordup: how does he do it
(98:13 / Allies) dirtmcwordup: washoohs
(98:14 / Allies) BEAR_AND: hahah so sweet
(98:16 / Allies) BEAR_AND: like a roller coaster
(98:30 / Allies) dirtmcwordup: what
(98:30 / Allies) dirtmcwordup: the
(98:31 / Allies) dirtmcwordup: fuck
(98:34 / Allies) dirtmcwordup: did you see that
(98:36 / Allies) BEAR_AND: no
(98:39 / Allies) mata.: thru the ground?
(98:39 / Allies) BEAR_AND: wow
(98:49 / Allies) dirtmcwordup: watch
(98:50 / Allies) mata.: i dunno is no miracle
(98:51 / Allies) BEAR_AND: yomps and flomps
(98:51 / Allies) dirtmcwordup: where h pops
(98:55 / Allies) BEAR_AND: takeomps
(99:04 / Allies) mata.: cazy
(99:06 / Allies) mata.: crazy
(99:15 / Allies) dirtmcwordup: have we yomped trhis map
(99:16 / Allies) mata.: yo 
(99:18 / Allies) mata.: how long has this wisp
(99:21 / Allies) mata.: been freaking stuck here
(99:22 / Allies) mata.: you think
(99:31 / Allies) dirtmcwordup: since we perched @ least
(99:35 / Allies) mata.: not easy to yomp
(99:37 / Allies) mata.: no zep
(99:45 / Allies) dirtmcwordup: ayomppidydoo
(99:55 / Allies) BEAR_AND: superman
(99:55 / Allies) dirtmcwordup: thru ice & fire
(99:59 / Allies) mata.: can i reach the south islands
(100:06 / Allies) dirtmcwordup: if i clear it
(100:07 / Allies) BEAR_AND: easier from there
(100:14 / Allies) mata.: yah going around
(100:22 / Allies) dirtmcwordup: ill bring flamestrike
(100:28 / Allies) BEAR_AND: why is it teal here
(100:32 / Allies) BEAR_AND: dirtmcgirt is leaking
(100:33 / Allies) mata.: i wanna try it
(100:34 / Allies) mata.: natural
(100:37 / Allies) dirtmcwordup: he was defending lighthouse
(100:48 / Allies) dirtmcwordup: imp ossible
(100:49 / Allies) mata.: not opss
(100:50 / Allies) mata.: ya
(100:51 / Allies) BEAR_AND: when an arcane dies does it leak radiation like orc altar
(100:56 / Allies) dirtmcwordup: up here tho
(101:05 / All) DanteKamar: Hit here with SH
(101:12 / All) BEAR_AND: ho 
(101:18 / Allies) mata.: come on over water's great
(101:30 / Allies) BEAR_AND: preparations
(101:30 / Allies) mata.: haha juked it's cold as fuck
(101:35 / Allies) dirtmcwordup: fire
(101:37 / Allies) dirtmcwordup: o the water.......
(102:39 / Allies) mata.: took a while for you guys to bolt that lich
(102:54 / Allies) mata.: hold air
(103:04 / Allies) dirtmcwordup: ayugh
(103:04 / Allies) BEAR_AND: staff him
(103:07 / Allies) dirtmcwordup: some1 moe
(103:36 / All) mata.: how u guys doin
(103:47 / All) mata.: bet u wish u took that paypal now
(103:58 / Allies) dirtmcwordup: why do demolishers have tusks
(104:03 / All) DanteKamar: You wouldn't have done it anyway.
(104:05 / Allies) BEAR_AND: to look like a orc
(104:06 / Allies) mata.: they had in war2
(104:08 / All) BEAR_AND: i had paypal open
(104:10 / Allies) dirtmcwordup: o
(104:17 / All) mata.: i waas on the fone with my bank
(104:18 / All) BEAR_AND: we need this win can u not see.
(104:18 / Allies) dirtmcwordup: also why smoke
(104:24 / Allies) BEAR_AND: that is an old debate
(104:30 / Allies) BEAR_AND: it's getting the liquid for burning oil hot
(104:31 / Allies) dirtmcwordup: is there a engine.
(104:45 / Allies) dirtmcwordup: how does meat wagon move
(104:49 / Allies) dirtmcwordup: is there little undead guy inside
(104:52 / Allies) BEAR_AND: trundles a long
(104:57 / Allies) mata.: same as cata and lista and shit
(105:05 / Allies) dirtmcwordup: there has 2 be.
(105:09 / Allies) BEAR_AND: is it an aco
(105:11 / Allies) BEAR_AND: or a ghoul
(105:18 / Allies) dirtmcwordup: not even aco
(105:21 / Allies) dirtmcwordup: just some shit pleb
(105:25 / Allies) mata.: yo if you look at back of roc box
(105:25 / Allies) dirtmcwordup: gtfo
(105:37 / Allies) BEAR_AND: did it die
(105:39 / Allies) mata.: it has peon pushing a catapult
(105:40 / All) DanteKamar: Its dead already
(105:44 / All) dirtmcwordup: Huh
(105:50 / All) DanteKamar: The bug
(105:51 / All) BEAR_AND: oh, that is nice
(105:53 / Allies) dirtmcwordup: ?
(105:54 / All) dirtmcwordup: ?
(105:54 / All) BEAR_AND: the bug hahahhahahhaha
(106:00 / All) Turtle91: Alright gents, you've got us. anyone who has the will to stay up there all night wants this win alot more than i do.
(106:07 / All) BEAR_AND: it's 8pm
(106:11 / Allies) mata.: pretty aptly put actually
(106:17 / Allies) dirtmcwordup: its actualyl 1130
(106:18 / Allies) dirtmcwordup: but ok
(106:20 / Allies) BEAR_AND: bluff
(106:21 / Allies) BEAR_AND: duhhhhhh
(106:29 / Allies) mata.: nuke lich
(106:32 / All) Turtle91: One thing first: Why the hell are you willing to sit up there?
(106:48 / All) Turtle91: You seriously want the win taht bad?
(106:48 / All) mata.: is only way we can win
(106:49 / All) dirtmcwordup: i dont get where you're going with this ?
(107:02 / All) Turtle91: Why do you need the win that bad? or do u do this for every game?
(107:11 / All) BEAR_AND: it is a hobby of ours
(107:15 / All) BEAR_AND: i love long game
(107:22 / Allies) mata.: that's the most honest answer
(107:23 / Allies) mata.: guy is going to get
(107:40 / All) BEAR_AND: bye fatso
(107:57 / All) Turtle91: Well, good game gents, you love this game more than i do, lol gg
(108:00 / Allies) dirtmcwordup: sending the air